Map: Acropolis LE

Players

soul

  • Race: Terran Terran
  • League: Grandmaster
  • Spawn Location: 11:00

OGZest (Zest) - Winner!

  • Race: Protoss Protoss
  • Spawn Location: 5:00

Event: HomeStory Cup XIX

VOD

Have the link to the VOD?

Description

Time

  • Played on: June 28, 2019, 2:29 p.m.
  • Length: 9:45

All games in this series

Show
View Real Time Build Order
Export as new Build Order

soul Terran 

Build Orders: Gas First Reaper Expand, Liberator Opening 

Get SALT Encoding   

  12  0:00  SCV  
  13  0:12  SCV  
  14  0:17  Supply Depot  
  14  0:24  SCV  
  14  0:27  Refinery  
  15  0:39  SCV  
  16  0:44  Barracks  
  16  0:51  SCV  
  17  1:03  SCV  
  18  1:16  SCV  
  19  1:35  Orbital Command, Reaper  
  20  1:50  Command Center  
  20  1:58  Factory  
  20  2:01  SCV  
  21  2:07  Barracks Reactor  
  21  2:11  Supply Depot  
  21  2:14  SCV  
  22  2:19  Refinery  
  22  2:26  SCV  
  23  2:38  SCV  
  24  2:46  Marine x2  
  24  2:48  Widow Mine  
  28  2:51  Starport  
  28  2:53  SCV  
  29  3:02  Orbital Command  
  29  3:04  Marine x2  
  31  3:05  SCV  
  31  3:11  Factory Tech Lab  
  32  3:17  SCV  
  33  3:21  Marine  
  33  3:22  Marine  
  35  3:30  SCV x2  
  39  3:39  Supply Depot  
  42  3:42  SCV  
  42  3:44  SCV  
  42  3:45  Medivac  
  42  3:46  Marine  
  42  3:48  Marine  
  45  3:50  Siege Tank  
  45  3:54  SCV  
  45  3:55  Supply Depot  
  46  3:58  Liberator  
  46  4:01  SCV  
  46  4:02  Bunker  
  47  4:06  SCV  
  47  4:08  Supply Depot  
  48  4:13  SCV  
  52  4:18  SCV  
  53  4:25  SCV  
  53  4:27  Marine x2  
  53  4:29  Siege Tank  
  53  4:30  SCV  
  60  4:38  Command Center  
  60  4:40  SCV  
  60  4:42  SCV  
  62  4:47  Marine, Refinery  
  62  4:49  Refinery  
  64  4:52  SCV  
  64  4:54  SCV  
  64  4:57  Supply Depot x2  
  65  5:00  Starport Tech Lab  
  65  5:04  SCV  
  65  5:06  SCV  
  66  5:07  Factory Reactor  
  65  5:17  SCV  
  65  5:20  Barracks x2  
  65  5:21  Marine  
  65  5:23  SCV  
  64  5:29  SCV  
  64  5:35  SCV  
  64  5:39  Marine  
  64  5:40  Stimpack, Engineering Bay, Raven  
  64  5:41  SCV  
  64  5:42  Engineering Bay  
  61  5:47  SCV  
  62  5:50  Orbital Command  
  62  5:53  SCV  
  62  5:54  Factory Reactor  
  63  5:59  Marauder, SCV  
  63  6:02  Barracks  
  63  6:04  Barracks, Supply Depot  
  66  6:05  SCV  
  66  6:07  Marine x2  
  66  6:09  Terran Infantry Weapons Level 1  
  69  6:13  Terran Infantry Armor Level 1  
  69  6:14  SCV  
  70  6:20  Marauder  
  70  6:21  SCV  
  70  6:24  Marine  
  75  6:25  SCV  
  75  6:30  Combat Shield, Supply Depot  
  75  6:31  Medivac  
  75  6:32  Marine x2, Medivac  
  79  6:36  SCV x2  
  83  6:41  Marine  
  83  6:42  Marine, Supply Depot  
  85  6:48  SCV x2  
  85  6:49  Orbital Command  
  85  6:50  Marine  
  85  6:51  Marauder  
  89  6:58  Barracks Tech Lab, Barracks Reactor  
  89  6:59  Marine  
  89  7:00  SCV x2  
  91  7:01  Widow Mine, Supply Depot  
  91  7:02  Marine, Widow Mine, Supply Depot  
  91  7:08  Marine  
  96  7:12  Marauder, SCV x2  
  96  7:13  Medivac x2  
  105  7:17  Marauder  
  105  7:18  SCV  
  105  7:19  Marine  
  108  7:23  Widow Mine  
  108  7:24  Marauder, SCV x2  
  108  7:26  Marine  
  117  7:30  Widow Mine, SCV  
  117  7:34  Marauder  
  117  7:35  Marine x2  
  117  7:36  SCV  
  122  7:37  Marine  
  122  7:38  Marauder  
  122  7:40  Armory  
  122  7:42  Supply Depot  
  122  7:44  Marine, Refinery  
  125  7:45  Marauder, Refinery  
  125  7:47  Widow Mine  
  125  7:48  Concussive Shells  
  130  7:53  Marine x2  
  130  7:55  Marine, Marauder  
  135  8:00  Marauder, Medivac  
  135  8:03  Marine  
  140  8:06  Widow Mine  
  140  8:07  Marauder  
  140  8:09  Ghost Academy  
  140  8:10  SCV  
  140  8:11  Marine  
  146  8:15  Medivac  
  146  8:18  Command Center  
  148  8:22  Supply Depot  
  148  8:23  Supply Depot  
  148  8:24  Supply Depot  
  148  8:25  Marine, Supply Depot  
  148  8:26  Marauder x2, Widow Mine  
  155  8:27  Widow Mine  
  157  8:34  SCV  
  156  8:43  Marine  
  156  8:46  Marine  
  156  8:47  Marauder  
  156  8:48  Marine  
  138  8:51  Marine  
  128  8:56  Ghost x2  
  128  9:01  Marine  
  129  9:04  Marine  
  129  9:06  Marine  
  129  9:07  Widow Mine x2  
  129  9:08  Marine, Ghost  
  135  9:19  Marine  
  135  9:22  Marine  
  135  9:23  Marine  
  129  9:26  Marine  
Show
View Real Time Build Order
Export as new Build Order

OGZest Protoss - Winner!

Build Orders: 1 Gate Expand, Phoenix Opening, Blink Stalkers 

Get SALT Encoding   

  12  0:00  Probe  
  13  0:12  Probe  
  14  0:16  Pylon  
  14  0:23  Probe  
  15  0:31  Probe  
  15  0:36  Gateway  
  15  0:39  Probe  
  16  0:46  Assimilator  
  17  0:51  Probe  
  18  1:03  Probe  
  19  1:15  Probe  
  20  1:24  Cybernetics Core  
  20  1:33  Nexus  
  20  1:36  Probe  
  21  1:44  Pylon  
  21  1:49  Probe  
  21  1:51  Assimilator  
  21  1:52  Adept  
  22  2:01  Probe  
  22  2:05  Warp Gate  
  25  2:12  Probe  
  26  2:20  Probe  
  26  2:23  Sentry  
  26  2:28  Probe  
  30  2:40  Probe  
  30  2:42  Twilight Council  
  31  2:46  Probe  
  31  2:48  Blink  
  32  2:52  Stalker, Probe  
  32  2:56  Phoenix  
  32  2:58  Probe  
  36  3:04  Probe  
  37  3:07  Gateway  
  37  3:10  Probe  
  38  3:16  Probe  
  39  3:23  Stalker  
  39  3:25  Probe  
  42  3:28  Probe  
  42  3:31  Pylon  
  43  3:37  Probe  
  43  3:40  Probe  
  45  3:45  Robotics Facility  
  45  3:49  Probe  
  45  3:51  Assimilator  
  45  3:52  Probe  
  47  4:01  Probe  
  47  4:02  Nexus  
  48  4:06  Stalker  
  48  4:07  Stalker  
  52  4:10  Pylon  
  52  4:14  Probe x2  
  54  4:22  Pylon  
  54  4:27  Observer  
  54  4:28  Probe x2  
  54  4:30  Stalker x2  
  60  4:34  Pylon  
  61  4:40  Probe x2  
  63  4:48  Forge  
  63  4:49  Charge  
  65  4:52  Probe x2  
  65  4:55  Observer  
  66  5:01  Pylon  
  66  5:04  Probe x2  
  68  5:12  Stalker x2  
  72  5:17  Probe x2  
  74  5:23  Protoss Ground Armor Level 1  
  71  5:30  Probe x2  
  71  5:34  Probe  
  73  5:38  Probe  
  73  5:39  Probe  
  73  5:42  Probe  
  73  5:46  Probe, Phoenix  
  73  5:47  Probe, Gateway  
  73  5:49  Gateway  
  75  5:50  Gateway x2  
  75  5:52  Probe, Gateway x2  
  75  5:56  Observer  
  79  5:57  Pylon  
  79  5:58  Probe  
  79  5:59  Probe  
  82  6:04  Probe  
  82  6:06  Pylon  
  82  6:17  Immortal, Nexus  
  86  6:19  Pylon  
  86  6:30  Pylon  
  86  6:31  Probe x3  
  89  6:39  Forge  
  89  6:43  Probe x3  
  89  6:47  Immortal  
  92  6:52  Pylon  
  92  6:57  Zealot  
  92  7:00  Probe x3  
  101  7:04  Pylon  
  101  7:07  Protoss Ground Weapons Level 1  
  101  7:12  Probe x2, Gateway  
  101  7:14  Probe, Gateway  
  101  7:15  Protoss Ground Armor Level 2  
  104  7:18  Pylon  
  104  7:23  Stalker  
  104  7:24  Probe  
  107  7:32  Zealot x3  
  107  7:33  Zealot x4  
  107  7:34  Probe x3  
  124  7:39  Gateway x2  
  124  7:42  Templar Archives, Phoenix, Warp Prism  
  126  7:45  Nexus  
  126  7:49  Pylon  
  126  7:53  Sentry, Zealot x3  
  134  8:09  Zealot x6  
  134  8:11  Probe x3  
  149  8:15  Pylon  
  149  8:19  Stalker, High Templar x2  
  155  8:20  Stalker  
  155  8:24  Archon  
  157  8:33  Stalker x2  
  157  8:34  Zealot x3  
  138  8:50  Warp Prism  
  138  8:55  Zealot x8  
  148  8:56  Stalker x2  
  148  8:58  Stalker  
  148  8:59  Stalker  
  156  9:06  Probe x3  
  159  9:12  Zealot x2  
  159  9:16  Zealot x4  
  159  9:17  Zealot x2  
  163  9:29  Zealot x4  
  157  9:40  Stalker x4, Zealot x4  
Tags
 
Add a new tag
Caveats
  • Supply blocks, unpowered buildings, or Contaminate may cause inaccurate times.
  • Supply counts are checked every 10 seconds.